 Dungeon Crawl Stone Soup version 0.20-a0-1122-gb7cbeb9 (webtiles) character file.

490300 EvilAshe the Ruinous (level 25, -16/161 HPs)
             Began as a Tengu Fire Elementalist on May 12, 2017.
             Was the Champion of Vehumet.
             Killed by the air
             ... invoked by a spriggan air mage
              (41 damage)
             ... on level 5 of the Depths.
             The game lasted 05:55:26 (101499 turns).

EvilAshe the Ruinous (Tengu Fire Elementalist)    Turns: 101499, Time: 05:55:26

Health: -16/161    AC: 16    Str:  9    XL:     25   Next: 3%
Magic:  2/45       EV: 32    Int: 24    God:    Vehumet [******]
Gold:   2967       SH: 12    Dex: 18    Spells: 8/59 levels left

rFire    . . .     SeeInvis .   a - staff of energy
rCold    + . .     Gourm    .   L - +2 buckler {reflect}
rNeg     . . .     Faith    .   K - +2 leather armour {MR+}
rPois    .         Spirit   .   W - +2 hat {MR+}
rElec    .         Reflect  +   X - +2 cloak {rC+}
rCorr    .         Harm     .   x - +0 pair of gloves
MR       +++..                  (boots unavailable)
Stlth    ++........             G - +5 amulet of reflection
Regen    0.4/turn               c - +5 ring of protection
MPRegen  0.3/turn               t - ring of wizardry

@: flying quickly and evasively, quick
A: beak, talons 3, able to fly 2
}: 2/15 runes: decaying, serpentine
a: Stop Flying, Renounce Religion


You were on level 5 of the Depths.
You worshipped Vehumet.
Vehumet was exalted by your worship.
You were not hungry.

You visited 8 branches of the dungeon, and saw 41 of its levels.
You also visited: Labyrinth, Sewer, Ossuary and Ice Cave.

You collected 5027 gold pieces.
You spent 2060 gold pieces at shops.

Inventory:

Hand Weapons
 w - a +0 demon trident
Armour
 l - a +3 leather armour of fire resistance
 x - a +0 pair of gloves (worn)
 J - a +2 leather armour of cold resistance
 K - a +2 leather armour of magic resistance (worn)
 L - a +2 buckler of reflection (worn)
 N - +5 steam dragon scales
 W - a +2 hat of magic resistance (worn)
 X - a +2 cloak of cold resistance (worn)
Magical Staves
 a - an uncursed staff of energy (weapon)
Jewellery
 c - a +5 ring of protection (left hand)
 i - an uncursed ring of poison resistance
 t - a ring of wizardry (right hand)
 v - an uncursed ring of fire
 G - a +5 amulet of reflection (around neck)
 V - the amulet of the Air {Inacc +Fly rElec EV+5 RMsl}
   (You found it on level 1 of the Swamp)

   [amulet of inaccuracy]

   It reduces the accuracy of all your attacks.
   It affects your evasion (+5).
   It insulates you from electricity.
   It lets you fly.
   It protects you from missiles.
Wands
 m - a wand of digging (8/24)
 n - a wand of acid (5/15)
 A - a wand of disintegration (3/24)
 F - a wand of acid (4/15)
 R - a wand of iceblast (8/15)
 S - a wand of iceblast (6/15)
Scrolls
 b - a scroll of brand weapon
 e - 6 scrolls of teleportation
 f - 13 scrolls of remove curse
 h - 15 scrolls of identify
 k - a scroll of fear
 r - 7 scrolls of blinking
 u - a scroll of silence
 y - 5 scrolls of enchant weapon
 z - 3 scrolls of recharging
 D - 8 scrolls of amnesia
 E - 7 scrolls of fog
 Q - 2 scrolls of magic mapping
Potions
 g - 3 potions of resistance
 j - 18 potions of curing
 o - 6 potions of brilliance
 q - 4 potions of magic
 s - 10 potions of haste
 B - 12 potions of heal wounds
 C - 3 potions of agility
 M - 3 potions of cancellation
 O - 3 potions of might
 U - 2 potions of ambrosia
Books
 p - a book of Necromancy

   Spells                             Type                      Level
   a - Pain                           Necromancy                   1
   b - Animate Skeleton               Necromancy                   1
   c - Vampiric Draining              Necromancy                   3
   d - Regeneration                   Charms/Necromancy            3
   e - Animate Dead                   Necromancy                   4
   f - Control Undead                 Necromancy                   4
 Y - the Almanac of Battle Magic
   (You found it on level 4 of the Depths)

   Spells                             Type                      Level
   a - Sting                          Conjuration/Poison           1
   b - Magic Dart                     Conjuration                  1
   c - Dazzling Spray                 Conjuration/Hexes            3
   d - Lightning Bolt                 Conjuration/Air              5
Miscellaneous
 d - a phial of floods
 P - a crystal ball of energy
Comestibles
 H - a bread ration
 T - 12 meat rations


   Skills:
 + Level 17.4 Fighting
 - Level 13.3 Staves
 + Level 19.1 Dodging
 - Level 2.0 Stealth
 - Level 4.2 Shields
 - Level 17.7 Spellcasting
 + Level 22.8 Conjurations
 + Level 17.1 Fire Magic
 - Level 13.0 Evocations


You had 8 spell levels left.
You knew the following spells:

 Your Spells              Type           Power        Failure   Level  Hunger
a - Shock                 Conj/Air       ####         1%          1    None
b - Iskenderun's Battles  Conj/Chrm      ######..     1%          5    None
c - Conjure Flame         Conj/Fire      #######.     0%          3    None
d - Orb of Destruction    Conj           #######...   1%          7    None
f - Fireball              Conj/Fire      #######...   1%          5    None
l - Bolt of Magma         Conj/Fire/Erth ######....   1%          5    None
p - Poison Arrow          Conj/Pois      ######....   1%          6    None
s - Sticky Flame          Conj/Fire      #######.     0%          4    None
t - Fire Storm            Conj/Fire      #######...   8%          9    None
z - Freezing Cloud        Conj/Ice/Air   ######....   2%          6    None


Dungeon Overview and Level Annotations

Branches:
Dungeon (15/15)            Temple (1/1) D:6            Lair (6/6) D:8
  Swamp (4/4) Lair:4        Snake (4/4) Lair:4        Slime (0/5) Lair:6
    Orc (2/2) D:10            Elf (0/3) Orc:2        Vaults (4/5) D:14
  Crypt (0/3) Vaults:2     Depths (5/5) D:15
    Zot: Depths:5

Altars:
Ashenzari
Cheibriados
Dithmenos
Fedhas
Gozag
Kikubaaqudgha
Makhleb
Nemelex Xobeh
Okawaru
Ru
Sif Muna
Trog
Vehumet
Xom
Yredelemnul
The Shining One

Shops:
D:4 (   D:6 %   D:10 *[}(*   D:12 [   Orc:2 [:*!   Snake:2 *   Depths:3 !

Portals:
Hell: Lair:6 Depths:1 Depths:2 Depths:3 Depths:4
Abyss: Depths:1 Depths:3 Depths:4
Pandemonium: Orc:2 Depths:1 Depths:2 Depths:3 Depths:4
Ziggurat: Depths:2
Trove: D:11 (lose all piety)

Annotations:
D:2 1 runed door
D:4 1 runed door
D:12 Rupert
Lair:1 exclusion: oklob plant
Lair:2 Gastronok
Lair:5 exclusion: oklob plant
Swamp:3 exclusion: thorn hunter
Swamp:4 Lernaean hydra


Innate Abilities, Weirdness & Mutations

You have a beak for a mouth.
You have claws for feet.
You can fly continuously.


Message History

The spriggan air mage misses you. The fire dragon misses you.
You block the fire dragon's attack. The fire dragon completely misses you.
Casting: Poison Arrow
Confirm with . or Enter, or press ? or * to list all spells.
Aiming: Poison Arrow
Press: ? - help, Shift-Dir - straight line, f/p - spriggan air mage
Aim: a spriggan air mage, wearing a robe (deflecting missiles)
The poison arrow misses the spriggan air mage.
The spriggan air mage hits you! The fire dragon breathes flames at you.
The blast of flame misses you.
As you read the scroll of fear, it crumbles to dust.
You assume a fearsome visage.
The spriggan air mage easily resists.
The fire dragon looks frightened!
The spriggan air mage waves its arms in wide circles.
The air twists around and violently strikes you in flight!
* * * LOW HITPOINT WARNING * * *
The spriggan air mage waves its arms in wide circles.
The air twists around and violently strikes you in flight!
You die...

#...# #).#C....## ##)..#
#...####..###....###...##
#...........###.......##
#.............#)..⌠...#
##.............#.......#
.....###.......#.⌠D..⌠.# .....#
#.......#i......# .....#
#.......#...⌠...#
.....###......##@......### .
##...........##...###....######..
#...........#...## ##.....#.....
#..........##...# ##..⌠.......
#..........#...## ###..#.....
#..........#...# #+######.
#.........##..## ##.........#...#
...........#)<.#


You could see a fire dragon (fleeing) and a spriggan air mage.

Vanquished Creatures
  Mara (Depths:2)
  5 juggernauts (Depths:4)
  Frederick (Depths:3)
  Saint Roka (Vaults:1)
  Xtahua (Vaults:3)
  Nikola (Depths:3)
  2 golden dragons
  4 tentacled monstrosities
  Asterion (D:14)
  A quicksilver dragon (Depths:4)
  6 liches
  A thorn hunter (Swamp:3)
  6 sphinxes
  3 tengu reavers
  5 storm dragons
  4 nagarajas
  A cacodemon (Depths:2)
  6 vault wardens
  A balrug (Depths:1)
  4 fire giants
  9 frost giants
  An iron dragon (Depths:3)
  A reaper (Depths:3)
  Louise (D:15)
  A spriggan defender (Depths:3)
  2 deep elf elementalists (Depths:4)
  23 very ugly things
  13 stone giants
  A war gargoyle (D:13)
  16 ironheart preservers
  5 vampire knights
  An entropy weaver (Vaults:3)
  Nessos (D:13)
  2 green draconians (Swamp:3)
  Azrael (D:12)
  2 deep elf demonologists
  4 spark wasps
  A minotaur (Lab)
  10 ettins
  Snorg (Orc:2)
  Josephine (Swamp:1)
  A deep elf death mage (Vaults:2)
  13 fire dragons
  A merfolk impaler (Depths:1)
  16 naga warriors
  The ghost of Toogi the Covert, a journeyman KoEn of Ashenzari (IceCv)
  9 ice dragons
  9 rakshasas
  13 great orbs of eyes
  4 vault guards
  9 yaktaur captains
  30 anacondas
  23 hydras
  A catoblepas (Lair:5)
  6 spriggan air magi
  A two-headed ogre (shapeshifter) (D:15)
  41 two-headed ogres
  2 ghost crabs
  11 ogre magi
  9 centaur warriors
  3 death knights
  6 alligators
  2 alligators (shapeshifter) (Depths:4)
  7 deep troll shamans
  4 death yaks (Lair:6)
  13 naga sharpshooters
  9 deep troll earth magi
  7 orc high priests
  3 spriggan berserkers
  5 tengu warriors
  8 shock serpents
  Urug (Orc:1)
  2 sun demons (Orc:2)
  6 deep elf knights
  A soul eater (Orc:2)
  A salamander mystic (Snake:2)
  A fire crab (shapeshifter) (D:14)
  A shadow wraith (Vaults:3)
  12 skeletal warriors
  3 iron trolls
  6 flayed ghosts
  10 hell knights (Depths:4)
  4 glowing orange brains
  2 sixfirhies
  23 deep trolls
  5 unseen horrors
  2 spriggan druids (Swamp:4)
  A small abomination (Vaults:2)
  2 infernal demonspawn (Orc:2)
  A shambling mangrove (Swamp:4)
  A gelid demonspawn (Orc:2)
  2 torturous demonspawn
  9 wizards
  5 deep elf archers
  Pikel (D:7)
  10 swamp dragons
  10 naga ritualists
  3 phantasmal warriors
  6 necromancers
  8 ironbrand convokers
  14 mana vipers
  A tengu skeleton (Vaults:2)
  12 harpies
  24 orc knights
  6 wolf spiders
  7 orc sorcerers
  10 deep elf magi
  67 ugly things
  7 cyclopes
  A cyclops (shapeshifter) (D:14)
  2 manticores
  2 salamanders (shapeshifter)
  3 rust devils
  A stone giant skeleton (Vaults:3)
  Maurice (D:8)
  14 salamanders
  6 elephants (Lair:5)
  20 naga magi
  A guardian serpent (shapeshifter) (Depths:3)
  11 guardian serpents
  56 black mambas
  Joseph (D:7)
  A human skeleton (Vaults:3)
  3 orange demons
  10 vault sentinels
  A smoke demon (Lair:6)
  3 gargoyles
  2 ice statues (IceCv)
  17 spiny frogs
  10 rime drakes
  A kobold demonologist (Vaults:1)
  10 komodo dragons
  An efreet (D:15)
  A komodo dragon (shapeshifter) (Depths:4)
  4 ice devils
  3 freezing wraiths
  A tengu conjurer (Depths:2)
  36 yaktaurs
  2 hellwings (Depths:2)
  A jumping spider (shapeshifter) (Vaults:1)
  14 polar bears
  A queen bee (Depths:4)
  9 trolls
  A meliai (shapeshifter) (D:15)
  3 red devils (Lair:6)
  A queen bee (shapeshifter) (Vaults:1)
  A wind drake (shapeshifter) (Vaults:3)
  15 hornets
  2 raiju (shapeshifter)
  3 meliai (D:15)
  4 tyrant leeches
  5 bog bodies
  11 blink frogs
  Prince Ribbit (D:7)
  A dream sheep (shapeshifter) (Depths:3)
  10 hippogriffs
  A blink frog (shapeshifter) (Vaults:2)
  25 slime creatures
  4 ettin zombies
  A redback (shapeshifter) (D:14)
  12 water elementals
  4 shadows
  A tarantella (Vaults:3)
  8 air elementals
  A centaur simulacrum (D:15)
  6 redbacks
  57 yaks
  8 spriggans
  A tarantella (shapeshifter) (D:15)
  4 wyverns
  3 hogs (D:8)
  7 wraiths
  2 fire elementals (D:12)
  8 basilisks
  Eustachio (D:5)
  2 humans (shapeshifter)
  A human (D:8)
  6 hungry ghosts
  A neqoxec (Depths:2)
  9 steam dragons
  3 chaos spawn
  21 vampire mosquitoes
  18 swamp worms
  A swamp worm (shapeshifter) (Vaults:1)
  11 wargs
  14 water moccasins
  44 nagas
  17 insubstantial wisps
  2 acid dragons
  10 porcupines
  Duvessa (D:7)
  6 hell hounds
  15 swamp drakes
  4 phantoms
  6 sky beasts
  2 floating eyes (Depths:4)
  An eye of draining (D:12)
  2 ice beasts
  3 slaves
  A hornet zombie (D:13)
  A black bear (shapeshifter) (Vaults:2)
  58 orc warriors
  3 black bears
  34 ogres
  A necrophage (D:14)
  28 centaurs
  9 boggarts
  An ogre (shapeshifter) (D:15)
  34 wolves
  20 crocodiles
  A centaur (shapeshifter) (Depths:4)
  A big kobold (shapeshifter) (D:15)
  A big kobold (D:9)
  23 bullfrogs
  2 gnoll sergeants
  A glowing shapeshifter simulacrum (Vaults:3)
  4 scorpions
  Dowan (D:7)
  47 killer bees
  A killer bee (shapeshifter) (D:13)
  9 wights
  5 electric eels
  2 crimson imps
  7 howler monkeys
  3 bullfrog zombies
  6 jellies
  10 centaur zombies
  3 quasits
  Crazy Yiuf (D:5)
  35 orc priests
  12 hounds
  6 bullfrog skeletons
  5 centaur skeletons
  4 iron imps (Depths:3)
  23 orc wizards
  A gnoll shaman (Orc:2)
  9 hell rats
  4 iguanas
  9 worker ants
  A hound skeleton (D:5)
  10 mummies (Ossuary)
  A worker ant zombie (D:5)
  Robin (D:3)
  28 gnolls
  21 adders
  5 river rats
  5 shadow imps
  2 white imps (Depths:3)
  2 ufetubi (Depths:3)
  4 oozes
  2 adder skeletons (D:5)
  3 worms
  4 dart slugs
  12 leopard geckos
  152 orcs
  3 ball pythons
  9 giant cockroaches
  15 goblins
  21 hobgoblins
  10 jackals
  7 kobolds
  5 quokkas
  7 bats
  12 frilled lizards
  A gnoll skeleton (Ossuary)
  2 goblin skeletons (Ossuary)
  A jackal skeleton (D:6)
  2 kobold skeletons (Ossuary)
  A leopard gecko zombie (D:8)
  3 orc skeletons (Ossuary)
  A quokka skeleton (D:6)
  3 quokka zombies
  13 rats
  10 rat skeletons (Ossuary)
  2 crawling corpses (Vaults:2)
  A fungus (Lair:2)
  A plant (D:14)
2177 creatures vanquished.

Vanquished Creatures (others)
  A stone giant (Depths:4)
  A yaktaur captain (Depths:3)
  A yaktaur (Depths:2)
  A naga (Snake:4)
  A swamp worm (Swamp:1)
  A slave (D:7)
  An ogre (D:7)
  A centaur (D:15)
  A jelly (D:12)
  A mummy (Ossuary)
  A jackal (D:8)
  A rat skeleton (Ossuary)
  7 fungi
  22 plants
41 creatures vanquished.

Grand Total: 2218 creatures vanquished

Notes
Turn   | Place    | Note
-------+----------+-------------------------------------------
     0 | D:1      | EvilAshe the Tengu Fire Elementalist began the quest for the Orb.
     0 | D:1      | Reached XP level 1. HP: 10/10 MP: 4/4
   148 | D:1      | Reached skill level 2 in Conjurations
   148 | D:1      | Reached XP level 2. HP: 15/15 MP: 1/6
   494 | D:1      | Reached XP level 3. HP: 19/19 MP: 2/7
   555 | D:1      | Learned a level 3 spell: Conjure Flame
  1080 | D:1      | Reached skill level 3 in Conjurations
  1590 | D:2      | Reached XP level 4. HP: 24/24 MP: 5/8
  1649 | D:2      | Found a runed door.
  1649 | D:2      | Noticed a human
  1654 | D:2      | Found a basalt altar of Yredelemnul.
  2231 | D:2      | Learned a level 4 spell: Sticky Flame
  2383 | D:3      | Reached skill level 4 in Conjurations
  2801 | D:3      | Gained mutation: You can fly. [Tengu growth]
  2801 | D:3      | Reached XP level 5. HP: 28/28 MP: 5/10
  2927 | D:3      | Noticed Robin
  3192 | D:3      | Killed Robin
  4252 | D:3      | Reached skill level 5 in Conjurations
  4381 | D:3      | Reached XP level 6. HP: 30/32 MP: 5/11
  4601 | D:4      | Reached skill level 5 in Fire Magic
  4695 | D:4      | Found a glowing drain.
  4699 | D:4      | Found Xifoag's Weapon Boutique.
  4930 | Sewer    | Entered a sewer
  5602 | D:4      | Found a runed door.
  5603 | D:4      | Found a glowing golden altar of the Shining One.
  5616 | D:4      | Noticed an angel
  5629 | D:4      | Reached skill level 6 in Conjurations
  5838 | D:4      | Reached XP level 7. HP: 35/36 MP: 9/13
  5871 | D:4      | Learned a level 5 spell: Fireball
  7042 | D:5      | Entered Level 5 of the Dungeon
  7051 | D:5      | Reached skill level 7 in Conjurations
  7164 | D:5      | Found a runed door.
  7168 | D:5      | Noticed Crazy Yiuf
  7172 | D:5      | Killed Crazy Yiuf
  7417 | D:5      | Reached XP level 8. HP: 16/41 MP: 4/15
  8547 | D:5      | Got a jewelled lajatang
  8548 | D:5      | Identified the +6 lajatang "Ziclifuh" {slice, +Fly rPois rF+ MR-} (You found it on level 5 of the Dungeon)
  8583 | D:5      | Reached skill level 8 in Conjurations
  8629 | D:5      | Noticed Eustachio
  8648 | D:5      | Killed Eustachio
  9551 | D:5      | Found a shattered altar of Ashenzari.
  9555 | D:5      | Found a bloodstained altar of Trog.
  9560 | D:5      | Reached skill level 9 in Conjurations
  9656 | D:6      | Found Sekifuk's Food Boutique.
  9859 | D:6      | Reached XP level 9. HP: 46/46 MP: 14/17
  9930 | D:6      | Found a staircase to the Ecumenical Temple.
  9950 | Temple   | Entered the Ecumenical Temple
  9984 | Temple   | Became a worshipper of Vehumet
 10067 | D:6      | Reached skill level 1 in Fighting
 10067 | D:6      | Reached skill level 5 in Spellcasting
 11089 | D:7      | Found a sand-covered staircase.
 11094 | Ossuary  | Entered an ossuary
 11915 | Ossuary  | Reached * piety under Vehumet
 11915 | Ossuary  | Offered knowledge of Shock by Vehumet.
 11999 | Ossuary  | Learned a level 1 spell: Shock
 12331 | D:7      | Reached skill level 10 in Conjurations
 12437 | D:7      | Noticed Pikel
 12926 | D:7      | Killed Pikel
 13170 | D:7      | Reached XP level 10. HP: 56/56 MP: 5/19
 13500 | D:7      | Reached skill level 5 in Dodging
 13604 | D:7      | Noticed Dowan
 13615 | D:7      | Killed Dowan
 13632 | D:7      | Noticed Duvessa
 13637 | D:7      | Killed Duvessa
 13880 | D:8      | Noticed Joseph
 13882 | D:8      | Noticed a manticore
 13889 | D:8      | Reached ** piety under Vehumet
 13889 | D:8      | Offered knowledge of Sting by Vehumet.
 14121 | D:7      | Killed a manticore
 14121 | D:7      | Reached skill level 11 in Conjurations
 14121 | D:7      | Killed Joseph
 14407 | D:8      | Noticed Prince Ribbit
 14408 | D:8      | Noticed a two-headed ogre
 14416 | D:7      | Killed Prince Ribbit
 14508 | D:7      | Killed a two-headed ogre
 14508 | D:7      | Reached skill level 5 in Fighting
 14581 | D:8      | Found a flagged portal.
 14611 | D:8      | Reached skill level 10 in Fire Magic
 14850 | D:8      | Found a staircase to the Lair.
 14860 | D:8      | Noticed Maurice
 14870 | D:8      | Reached XP level 11. HP: 63/63 MP: 9/22
 14977 | D:8      | Killed Maurice
 14977 | D:8      | Offered knowledge of Static Discharge by Vehumet.
 15404 | D:9      | Noticed a two-headed ogre
 15491 | D:9      | Killed a two-headed ogre
 15547 | D:9      | Reached *** piety under Vehumet
 16294 | D:9      | Reached skill level 12 in Conjurations
 16827 | D:9      | Offered knowledge of Ignite Poison by Vehumet.
 16965 | D:9      | Learned a level 3 spell: Ignite Poison
 17057 | D:9      | Reached skill level 1 in Staves
 17191 | D:10     | Entered Level 10 of the Dungeon
 17368 | D:10     | Found Oviubb's Weapon Shop.
 17417 | D:10     | Found Ajoengus's General Store.
 17420 | D:10     | Bought a potion of haste for 170 gold pieces
 17420 | D:10     | Bought a potion of curing for 51 gold pieces
 17483 | D:10     | Found Zuoppow's Antique Armour Shop.
 17490 | D:10     | Bought a runed robe for 88 gold pieces
 17546 | D:10     | Found a staircase to the Orcish Mines.
 17838 | D:10     | Noticed an unseen horror
 17841 | D:10     | Killed an unseen horror
 18207 | D:10     | Found Eduli's General Store.
 18259 | D:10     | Noticed a four-headed hydra
 18270 | D:10     | Killed a four-headed hydra
 18311 | D:10     | Reached skill level 1 in Shields
 18509 | D:10     | Found Sixackam's Gadget Emporium.
 18668 | D:10     | Bought a crystal ball of energy for 320 gold pieces
 18887 | D:11     | Reached **** piety under Vehumet
 19015 | D:11     | Noticed a two-headed ogre
 19066 | D:11     | Killed a two-headed ogre
 19066 | D:11     | Offered knowledge of Bolt of Magma by Vehumet.
 19066 | D:11     | Reached XP level 12. HP: 71/71 MP: 4/25
 19073 | D:11     | Learned a level 5 spell: Bolt of Magma
 19233 | D:11     | Noticed a two-headed ogre
 20287 | D:11     | Found a portal to a secret trove of treasure.
 20606 | D:10     | Killed a two-headed ogre
 21001 | D:12     | Noticed Rupert
 21115 | Lair:1   | Entered Level 1 of the Lair of Beasts
 21219 | Lair:1   | Reached ***** piety under Vehumet
 21231 | Lair:1   | Offered knowledge of Iron Shot by Vehumet.
 21404 | Lair:1   | Reached skill level 5 in Staves
 21658 | Lair:1   | Noticed a seven-headed hydra
 21675 | Lair:1   | Killed a seven-headed hydra
 21675 | Lair:1   | Reached skill level 13 in Conjurations
 23219 | Lair:2   | Reached XP level 13. HP: 77/77 MP: 19/26
 23558 | Lair:2   | Noticed Gastronok
 24931 | Lair:3   | Reached skill level 1 in Evocations
 25335 | Lair:3   | Offered knowledge of Venom Bolt by Vehumet.
 27268 | Lair:4   | Found a staircase to the Swamp.
 27287 | Lair:4   | Found a staircase to the Snake Pit.
 27458 | Lair:4   | Reached skill level 14 in Conjurations
 27819 | Lair:4   | Reached skill level 10 in Dodging
 28730 | Lair:5   | Gained mutation: You can fly continuously. [Tengu growth]
 28730 | Lair:5   | Reached XP level 14. HP: 52/84 MP: 14/28
 29407 | Lair:6   | Entered Level 6 of the Lair of Beasts
 29461 | Lair:6   | Found a staircase to the Slime Pits.
 31078 | Lair:6   | Reached skill level 10 in Spellcasting
 31087 | Lair:6   | Reached skill level 5 in Evocations
 31573 | Lair:6   | Found a burning altar of Makhleb.
 32310 | Lair:6   | Found a gateway to Hell.
 32807 | Swamp:1  | Entered Level 1 of the Swamp
 33632 | Orc:1    | Entered Level 1 of the Orcish Mines
 34322 | Orc:2    | Entered Level 2 of the Orcish Mines
 34322 | Orc:2    | Noticed Snorg
 34327 | Orc:2    | Killed Snorg
 34327 | Orc:2    | Reached skill level 15 in Conjurations
 34418 | Orc:2    | Found a frozen archway.
 34427 | IceCv    | Entered an ice cave
 34538 | IceCv    | Reached ****** piety under Vehumet
 34827 | IceCv    | Noticed Toogi's ghost (journeyman KoEn)
 34847 | IceCv    | Killed Toogi's ghost
 34847 | IceCv    | Reached XP level 15. HP: 92/92 MP: 4/30
 35022 | IceCv    | Noticed a frost giant
 35023 | IceCv    | Offered knowledge of Bolt of Draining by Vehumet.
 35027 | IceCv    | Killed a frost giant
 35027 | IceCv    | Reached skill level 10 in Fighting
 36673 | Orc:2    | Found a staircase to the Elven Halls.
 37916 | Orc:2    | Found Momoud's Distillery.
 37918 | Orc:2    | Found Jeqasah's General Store.
 38633 | Orc:2    | Bought a potion of heal wounds for 90 gold pieces
 38633 | Orc:2    | Bought a potion of magic for 144 gold pieces
 38633 | Orc:2    | Bought a potion of brilliance for 72 gold pieces
 38635 | Orc:2    | Bought a potion of heal wounds for 80 gold pieces
 40012 | Orc:2    | Offered knowledge of Iskenderun's Battlesphere by Vehumet.
 40044 | Orc:2    | Learned a level 5 spell: Iskenderun's Battlesphere
 40696 | Orc:2    | Found Usid Fia's Book Emporium.
 40696 | Orc:2    | Found a one-way gate leading to the halls of Pandemonium.
 40696 | Orc:2    | Found Fecluu Iskiu's Antique Armour Shoppe.
 40703 | Orc:2    | Bought a glowing buckler for 217 gold pieces
 40932 | Orc:1    | Noticed Urug
 40936 | Orc:1    | Killed Urug
 42121 | Swamp:1  | Reached skill level 10 in Staves
 42810 | Swamp:1  | Noticed Josephine
 42815 | Swamp:1  | Killed Josephine
 43403 | Swamp:1  | Reached XP level 16. HP: 99/99 MP: 26/32
 43571 | Swamp:1  | Reached skill level 16 in Conjurations
 44355 | Swamp:2  | Offered knowledge of Poison Arrow by Vehumet.
 44437 | Swamp:2  | Learned a level 6 spell: Poison Arrow
 44665 | Swamp:2  | Identified a scroll of acquirement
 44666 | Swamp:2  | Got a twisted ring mail
 44667 | Swamp:2  | Identified the +5 ring mail "Moegir" {*Slow MR++ Int+3 Slay+4} (You acquired it on level 2 of the Swamp)
 45659 | Swamp:3  | Noticed a thorn hunter
 46039 | Swamp:3  | Killed a thorn hunter
 47426 | Swamp:3  | Got an iridescent dagger
 47427 | Swamp:3  | Identified the +2 dagger of Hiwk {freeze, Str+5 Stlth+} (You found it on level 3 of the Swamp)
 47458 | Swamp:4  | Entered Level 4 of the Swamp
 49119 | Swamp:4  | Noticed a tentacled monstrosity
 49147 | Swamp:4  | Killed a tentacled monstrosity
 50248 | Swamp:4  | Offered knowledge of Orb of Destruction by Vehumet.
 50344 | Swamp:3  | Learned a level 7 spell: Orb of Destruction
 50930 | Swamp:4  | Noticed the 27-headed Lernaean hydra
 51110 | Swamp:4  | Reached XP level 17. HP: 89/105 MP: 7/34
 51116 | Swamp:4  | Got a decaying rune of Zot
 51363 | Snake:1  | Entered Level 1 of the Snake Pit
 51868 | Snake:1  | Found Maykkatz's Food Shop.
 52665 | Snake:1  | Reached skill level 17 in Conjurations
 53326 | Snake:2  | Offered knowledge of Bolt of Fire by Vehumet.
 54973 | Snake:2  | Found Ythenad's Assorted Antiques.
 54987 | Snake:2  | Bought a scroll of blinking for 217 gold pieces
 54987 | Snake:2  | Bought a fizzy white potion for 26 gold pieces
 57134 | Snake:3  | Reached skill level 10 in Evocations
 58108 | Snake:3  | Reached XP level 18. HP: 112/112 MP: 19/35
 59477 | Snake:4  | Entered Level 4 of the Snake Pit
 59719 | Snake:4  | Offered knowledge of Lehudib's Crystal Spear by Vehumet.
 59719 | Snake:4  | Offered knowledge of Fire Storm by Vehumet.
 59719 | Snake:4  | Offered knowledge of Glaciate by Vehumet.
 60401 | Snake:4  | Learned a level 6 spell: Freezing Cloud
 61963 | Snake:4  | Reached skill level 18 in Conjurations
 63138 | Snake:1  | Bought a meat ration for 55 gold pieces
 63138 | Snake:1  | Bought a meat ration for 55 gold pieces
 63138 | Snake:1  | Bought a royal jelly for 22 gold pieces
 63138 | Snake:1  | Bought a meat ration for 55 gold pieces
 63138 | Snake:1  | Bought a meat ration for 55 gold pieces
 63138 | Snake:1  | Bought a meat ration for 55 gold pieces
 63860 | Snake:4  | Got a serpentine rune of Zot
 64291 | Lair:4   | Reached XP level 19. HP: 119/119 MP: 27/37
 64908 | D:12     | Noticed Azrael
 64942 | D:12     | Killed Azrael
 65434 | D:12     | Found Nennetz's Antique Armour Shoppe.
 66488 | D:13     | Noticed Nessos
 66494 | D:13     | Killed Nessos
 67351 | D:13     | Identified Joog's Almanac of Sinister Attacks
 67727 | D:14     | Found a gate to the Vaults.
 67935 | D:14     | Found a labyrinth entrance.
 67976 | Lab      | Entered a labyrinth
 68467 | Lab      | Identified the Collected Works on Orientation
 68470 | Lab      | Identified the Grimoire of Aerial Orientation
 69321 | D:14     | Reached skill level 15 in Dodging
 69944 | D:15     | Entered Level 15 of the Dungeon
 70633 | D:15     | Noticed Louise
 70652 | D:15     | Killed Louise
 71690 | D:15     | Found a staircase to the Depths.
 71772 | Vaults:1 | Entered Level 1 of the Vaults
 71968 | Vaults:1 | Noticed Asterion
 71987 | D:14     | Killed Asterion
 73175 | Vaults:1 | Reached skill level 19 in Conjurations
 73175 | Vaults:1 | Reached XP level 20. HP: 126/126 MP: 18/39
 74367 | Vaults:1 | Noticed Saint Roka
 74690 | Vaults:1 | Killed Saint Roka
 76795 | Vaults:2 | Got an encrusted buckler
 76796 | Vaults:2 | Identified the cursed +0 buckler "Keit" {*Slow rN+++ Regen+ Str-4} (You found it on level 2 of the Vaults)
 76948 | Vaults:2 | Reached skill level 15 in Spellcasting
 77524 | Vaults:2 | Reached XP level 21. HP: 132/132 MP: 35/41
 77753 | Vaults:2 | Found a staircase to the Crypt.
 79787 | Vaults:3 | Learned a level 9 spell: Fire Storm
 79906 | Vaults:3 | Noticed Xtahua
 79925 | Vaults:3 | Killed Xtahua
 80296 | Vaults:3 | Reached skill level 20 in Conjurations
 82789 | Vaults:4 | Reached skill level 15 in Fighting
 83338 | Vaults:4 | Reached XP level 22. HP: 140/140 MP: 28/42
 84376 | Depths:1 | Entered Level 1 of the Depths
 85109 | Depths:1 | Paralysed by a great orb of eyes for 5 turns
 85425 | Depths:1 | Found a one-way gate to the infinite horrors of the Abyss.
 86861 | Depths:2 | Noticed Mara
 86872 | Depths:2 | Killed Mara
 87119 | Depths:2 | Found a gateway to a ziggurat.
 87131 | Depths:2 | Reached skill level 21 in Conjurations
 87403 | Depths:2 | Paralysed by a great orb of eyes for 2 turns
 89507 | Depths:2 | Reached skill level 15 in Fire Magic
 89565 | Depths:3 | Noticed Frederick
 89567 | Depths:3 | Noticed Nikola
 89656 | Depths:3 | Found Xustac's Distillery.
 89663 | Depths:3 | Bought a potion of heal wounds for 60 gold pieces
 89663 | Depths:3 | Bought a potion of heal wounds for 60 gold pieces
 89663 | Depths:3 | Bought a potion of haste for 120 gold pieces
 89663 | Depths:3 | Bought a potion of brilliance for 48 gold pieces
 89739 | Depths:3 | Reached XP level 23. HP: 134/146 MP: 27/44
 90495 | Depths:3 | Noticed a golden dragon
 90706 | Depths:3 | Killed Nikola
 91465 | Depths:3 | Killed Frederick
 92021 | Depths:3 | Killed a golden dragon
 94463 | Depths:4 | Found a runed door.
 94477 | Depths:4 | Noticed a juggernaut
 94514 | Depths:4 | Killed a juggernaut
 96010 | Depths:4 | Reached skill level 22 in Conjurations
 96185 | Depths:4 | Reached XP level 24. HP: 142/154 MP: 33/45
 96330 | Depths:4 | Noticed a juggernaut
 96334 | Depths:4 | Killed a juggernaut
 96808 | Depths:4 | Paralysed by a floating eye for 2 turns
 98140 | Depths:4 | Noticed a juggernaut
 98329 | Depths:4 | Noticed a juggernaut
 98583 | Depths:4 | Killed a juggernaut
 98719 | Depths:4 | Noticed a juggernaut
 98743 | Depths:4 | Killed a juggernaut
100026 | Depths:4 | Got a heavily runed copper ring
100056 | Depths:4 | Identified the Almanac of Battle Magic
100232 | Depths:4 | Killed a juggernaut
100773 | Depths:5 | Entered Level 5 of the Depths
100783 | Depths:5 | Identified the ring "Rues" {+Fly Int+2 Dex+2} (You found it on level 4 of the Depths)
101180 | Depths:5 | Reached XP level 25. HP: 161/161 MP: 30/45
101499 | Depths:5 | Killed from afar by a spriggan air mage

Vault maps used:
D:1:      dpeg_arrival_rooms_a
D:2:      dk_yredelemnul_ordeal
D:3:      first_bread, feat_on_display, uniq_robin
D:4:      serial_shops, shop, cheibrodos_sewer_entry_sluice,
          serial_bayou_lagoon_a, lemuel_angel_altar
D:5:      kennysheep_six_static_rooms, minitemple, uniq_crazy_yiuf_cottage,
          uniq_eustachio
D:6:      minmay_temple_entry_glassed_door, serial_shops, shop_fountains,
          corexii_leaking_fountain, minmay_misc_feat_tower
D:7:      enter_ossuary_2, uniq_pikel, uniq_duvessa
D:8:      erik_lair_island, enter_bailey_3, grunt_livestock, kennysheep_dice,
          uniq_maurice, uniq_prince_ribbit1, uniq_joseph
D:9:      serial_co_window_serial, co_window_corner_a, co_window_corner_a,
          co_window_corner_a, co_window_paths_a, co_window_corner_a,
          co_window_paths_b, co_window_paths_b, co_window_corner_a,
          co_window_of_opportunity_a, co_window_unsneaky_path_b,
          co_window_2corner, co_window_2corner, co_window_corner_b,
          co_window_broadway_c, glass_columns_a, glass_columns_b
D:10:     david_orc_2, serial_shops, nicolae_shop_behind_doors, shop_fountains,
          shop, shop, shop
D:11:     enter_trove_3
D:12:     serial_shops, shop, uniq_azrael, uniq_erolcha, uniq_rupert
D:13:     minmay_the_grid_plus_closed, uniq_nessos
D:14:     wad_woods_tower, david_vaults_2, minmay_misc_feat_ornament,
          lab_entry_generic, kennysheep_windowed_goal
D:15:     gammafunk_enter_depths_forms, uniq_louise
Temple:   regret_index_temple_chain_breaker
Lair:1:   minmay_lair_oklob_tunnel, grunt_forest_large_clearings,
          infiniplex_staircase_pool
Lair:2:   hangedman_what_comes_after_a, uniq_gastronok
Lair:3:   bobbens_dragon_lair_wall
Lair:4:   minmay_swamp_entry_worms, guppyfry_snake_entry_island,
          kennysheep_abandoned_house
Lair:5:   cheibrodos_lair_reptile_den, grunt_megastairs_1
Lair:6:   evil_forest, slime_dummy, st_stairs_13, grunt_megastairs_2
Swamp:1:  infiniplex_staircase_pool_2, uniq_josephine
Swamp:2:  serial_swamp_ruin, evilmike_swamp_ruin_rubble_1,
          hangedman_swamp_ruin_hall, swamp_pool2
Swamp:3:  evilmike_swamp_ruin_house_2, swamp_pool5, hangedman_swamp_dais
Swamp:4:  swamp_old_school, swamp_pool4, grunt_lady_of_the_lake
Snake:1:  grunt_megastairs_3, minmay_shop_star
Snake:2:  serial_shops, shop_coins, st_stairs_8
Snake:3:  st_stairs_3
Snake:4:  grunt_snake_rune_serpentine_throne, serial_bayou_pond_c, st_stairs_12
Orc:1:    uniq_urug
Orc:2:    pf_orc_diabolical, portal_ice_cave_entry_pillars_2, uniq_snorg
Vaults:1: hangedman_vaults_stitches, dpeg_vaults_monster_box,
          nicolae_vaults_network_s, ontoclasm_vaults_claustrophobia,
          v_alt_pattern_5, vaults_room_door_ring,
          nicolae_vaults_border_crossing, v_pattern_3, uniq_asterion,
          uniq_saint_roka
Vaults:2: ontoclasm_vaults_ring_large, vaults_standard_mumra_x,
          nicolae_vaults_windows_and_doors_thing, v_rooms_3,
          nicolae_vaults_network_periphery, v_misc_9, nicolae_vaults_what_the_h,
          ontoclasm_vaults_loading_screen, nicolae_vaults_holding_cells,
          nicolae_vaults_diagonal_hallway_9, vaults_room_large_hall,
          grunt_vaults_diagonal, minmay_crypt_entry_simple_statues,
          ontoclasm_vaults_hangar
Vaults:3: nicolae_vaults_network_barrier, vaults_room_pool, v_misc_29,
          vaults_standard_mumra_lines, ontoclasm_vaults_chip,
          hangedman_vaults_restitches, hangedman_vaults_stretched_pinwheel,
          nicolae_vaults_three_branches, hangedman_vaults_impose,
          nicolae_vaults_little_squares_2, hangedman_vaults_impose,
          vaults_room_ringed_pool, nicolae_vaults_little_squares_5,
          vaults_room_door_ring, nicolae_vaults_hallways_thing, uniq_xtahua
Vaults:4: nicolae_vaults_arrows, grunt_vaults_funnel, ontoclasm_vaults_shuriken,
          hangedman_vaults_unwind, nicolae_vaults_little_squares_6,
          nicolae_vaults_mini_display_case, v_misc_5
Depths:1: rand_demon_pan_entry_4, hell_entry, chequers_big_river,
          abyss_entry_small_statue_room, minmay_misc_feat_hallway,
          lemuel_old_faithful
Depths:2: wad_mega_maze, enter_ziggurat_b, fountainhead, rand_demon_pan_entry_1,
          hell_entry, uniq_mara
Depths:3: minmay_stepped, grunt_pan_entry_in_and_out, abyss_entry, serial_shops,
          shop, grunt_hell_entry_dis_mu, grunt_decor_fettered,
          minmay_misc_feat_roman, feat_on_display,
          minmay_staircase_windowed_small, uniq_frederick, uniq_nikola
Depths:4: box_level_dp, pan_entry, abyss_entry, hell_entry
Depths:5: evilmike_zot_entry_hall, hell_entry, hangedman_glass_teeth,
          abyss_entry, grunt_megastairs_4
Lab:      nicolae_lab_dead_adventurers, labyrinth_glass_1,
          nicolae_lab_starburst, nicolae_lab_diamond, labyrinth_fake_exit,
          nicolae_lab_arrow, nicolae_lab_plus, nicolae_lab_swirl,
          labyrinth_skeletal_remains
Sewer:    sewer_co_cracked_pipes
Ossuary:  ossuary_due_small_catacomb
IceCv:    ice_cave_small_giant

Skill      XL: |  1  2  3  4  5  6  7  8  9 10 11 12 13 14 15 16 17 18 19 20 21 22 23 24 |
---------------+-------------------------------------------------------------------------+-----
Conjurations   | 2 3 4 5 6 7 9 10 11 12 13 14 15 16 17 18 19 20 21 22 | 22.8
Fire Magic     | 4 5 6 8 9 10 11 12 13 15 17 | 17.1
Spellcasting   | 3 4 5 7 8 9 10 11 12 13 14 15 16 17 | 17.7
Fighting       | 3 5 6 7 8 9 10 11 12 13 14 15 16 17 | 17.4
Dodging        | 4 6 8 9 10 11 12 13 14 15 16 17 18 19 | 19.1
Staves         | 3 6 7 9 10 11 12 13 | 13.3
Shields        | 1 3 4 |  4.2
Evocations     | 3 6 7 9 10 11 12 13 | 13.0
Stealth        | |  2.0

Action                   |  1- 3 |  4- 6 |  7- 9 | 10-12 | 13-15 | 16-18 | 19-21 | 22-24 | 25-27 || total
-------------------------+-------+-------+-------+-------+-------+-------+-------+-------+-------++-------
Melee: Unarmed           |    15 |       |       |       |       |       |       |       |       ||    15
       Kick              |     6 |     9 |    15 |    27 |    89 |    96 |   188 |   101 |       ||   531
       Peck              |     1 |     6 |     4 |    23 |    53 |    83 |   134 |    69 |       ||   373
       Dagger            |     3 |       |       |       |       |       |       |       |       ||     3
       Spear             |    15 |    67 |       |       |       |       |       |       |       ||    82
       Trident           |       |     5 |   126 |    91 |    21 |       |       |       |       ||   243
       Lajatang          |       |       |    17 |     5 |     3 |   530 |    19 |       |       ||   574
       Staff             |       |       |       |   113 |   290 |       |   698 |   343 |       ||  1444
 Cast: Flame Tongue      |    59 |   140 |   168 |       |       |       |       |       |       ||   367
       Conjure Flame     |       |     5 |    22 |    39 |     5 |     2 |    49 |    33 |       ||   155
       Sticky Flame      |       |     3 |    17 |    76 |   214 |   185 |   264 |   111 |       ||   870
       Shock             |       |       |    68 |   393 |   464 |    82 |   163 |    20 |       ||  1190
       Fireball          |       |       |       |    29 |    56 |    27 |    39 |    48 |       ||   199
       Bolt of Magma     |       |       |       |     3 |   239 |    74 |   138 |   130 |     4 ||   588
       Iskenderun's Batt |       |       |       |       |    27 |   114 |    41 |    24 |     2 ||   208
       Poison Arrow      |       |       |       |       |       |   312 |   144 |   346 |    12 ||   814
       Orb of Destructio |       |       |       |       |       |     5 |     4 |     4 |       ||    13
       Freezing Cloud    |       |       |       |       |       |     1 |    53 |    42 |       ||    96
 Abil: Fly               |       |    14 |    20 |    28 |    27 |       |       |       |       ||    89
Evoke: Wand              |       |       |       |     9 |     8 |     4 |       |     5 |       ||    26
       Crystal ball of e |       |       |       |       |    21 |    17 |    10 |    12 |       ||    60
       Staff of energy   |       |       |       |       |       |       |       |     1 |       ||     1
  Use: Scroll            |       |     7 |    10 |    11 |     7 |    25 |     9 |    15 |     1 ||    85
       Potion            |       |       |     2 |     1 |     3 |     4 |       |     5 |       ||    15
 Stab: Sleeping          |     2 |     1 |     2 |       |       |     1 |     2 |       |       ||     8
       Distracted        |       |       |       |       |     1 |       |     1 |       |       ||     2
  Eat: Chunk             |     3 |    17 |    24 |    47 |    72 |    40 |   101 |    67 |       ||   371
       Royal jelly       |       |       |     2 |     2 |     4 |     4 |     1 |    11 |       ||    24
       Fruit             |       |       |     2 |     8 |    24 |     9 |     3 |    10 |       ||    56
       Meat ration       |       |       |       |       |     8 |     6 |     2 |     1 |       ||    17
       Bread ration      |       |       |       |       |       |    23 |     1 |     3 |       ||    27
Armor: Robe              |    11 |    18 |    25 |    63 |    19 |       |    11 |       |       ||   147
       Leather armour    |       |       |       |       |    36 |       |       |    33 |     2 ||    71
       Steam dragon scal |       |       |       |       |    50 |   191 |   111 |    38 |       ||   390
Dodge: Dodged            |    24 |    63 |    81 |   243 |   531 |  1192 |   710 |   420 |    13 ||  3277
       Deflected         |       |       |       |       |       |    15 |     2 |       |       ||    17
Block: Buckler           |       |       |       |    31 |   108 |       |   149 |   153 |     2 ||   443
       Reflection        |       |       |       |       |     2 |       |    20 |    12 |       ||    34
